Flyers vs Flames
Created - February 20, 2024 at 20:11
Goals
|
| Flyers |
1 |
0 |
0 |
0 |
1 |
| Flames |
0 |
1 |
0 |
1 |
2 |
|
Shots
|
| Flyers |
9 |
9 |
10 |
0 |
28 |
| Flames |
13 |
7 |
6 |
1 |
27 |
|
1st period
1. Flyers , Jordan Nolan 22 (Jakub Voracek 33) at 18:59
Penalties :
No Penalty
2nd period
2. Flames , Bryan Rust 14 (Christian Folin 16, David Ullstrom 11) at 10:58
Penalties :
Erik Johnson (Cal) for Hooking (Minor) at 2:24, Jake Dotchin (Phi) for Hooking (Minor) at 7:59, Jordan Nolan (Phi) for Interference (Minor) at 8:22
3rd period
No Goal
Penalties :
Christian Folin (Cal) for Hooking (Minor) at 2:00, Max Pacioretty (Phi) for Holding (Minor) at 9:25, Sami Vatanen (Cal) for Delaying the game (Minor) at 13:47, Michael Bournival (Phi) for Tripping (Minor) at 17:18
Overtime #1
3. Flames , Eric Staal 27 (Erik Johnson 26) at 0:43
Penalties :
No Penalty
Goalie Stats
Ilya Sorokin (Phi), 25 saves from 27 shots - (0.926), OTL, 15-5-1, 60:43 minutes
Christopher Gibson (Cal), 27 saves from 28 shots - (0.964), W, 21-10-1, 60:43 minutes
Players Stats for Flyers
Player Name G A P +/- PIM S H SB GA TA FO MP PP MP PK MP
------------------------------------------------------------------------------------
Blake Heinrich 0 0 0 -1 0 0 0 3 0 1 0/0 17:00 0:23 2:29
Brian Lashoff 0 0 0 1 0 1 1 3 0 0 0/0 21:29 2:09 2:18
Brock Nelson 0 0 0 0 0 0 0 0 0 0 0/0 7:35 0:26 0:33
Calle Jarnkrok 0 0 0 0 0 3 0 0 0 0 5/6 13:09 0:59 1:11
Ivan Provorov 0 0 0 1 0 0 1 0 0 2 0/0 20:03 2:09 2:15
Jacob Trouba 0 0 0 0 0 0 1 1 0 0 0/0 13:44 1:08 1:36
Jake Dotchin 0 0 0 -1 2 2 1 1 0 1 0/0 19:31 2:17 0:02
Jakub Voracek 0 1 1 0 0 3 1 1 0 0 2/3 19:43 2:24 0:51
Jeff Carter 0 0 0 -2 0 2 3 0 0 2 2/13 17:49 2:34 1:08
Jordan Nolan 1 0 1 1 2 3 1 0 1 1 17/35 21:43 2:24 2:44
Kasperi Kapanen 0 0 0 -1 0 4 2 0 0 0 0/2 16:32 2:34 0:00
Max Pacioretty 0 0 0 -1 2 2 0 0 1 0 1/2 16:34 2:34 0:00
Michael Bournival 0 0 0 0 2 3 2 1 0 0 2/2 11:22 0:00 0:00
Nathan Beaulieu 0 0 0 -1 0 2 2 1 4 0 0/0 29:04 3:48 4:02
Nick Ritchie 0 0 0 1 0 0 1 1 1 0 2/2 22:04 2:24 3:05
Niclas Bergfors 0 0 0 0 0 3 1 1 0 0 0/0 11:44 0:59 0:00
Travis Konecny 0 0 0 0 0 0 0 0 0 0 0/0 6:48 0:33 0:00
Travis Zajac 0 0 0 0 0 0 0 0 0 0 1/3 8:15 0:00 1:29
Players Stats for Flames
Player Name G A P +/- PIM S H SB GA TA FO MP PP MP PK MP
------------------------------------------------------------------------------------
Anders Lee 0 0 0 1 0 0 3 0 1 0 1/3 8:13 0:11 0:51
Brad Marchand 0 0 0 0 0 4 3 1 1 0 2/5 20:11 0:00 3:28
Bryan Rust 1 0 1 0 0 5 1 0 0 0 2/3 18:53 0:00 1:42
Christian Folin 0 1 1 1 2 1 1 0 0 0 0/0 19:25 2:29 2:16
Colby Robak 0 0 0 0 0 0 0 1 0 1 0/0 14:18 0:00 2:49
Colin Wilson 0 0 0 0 0 1 3 0 0 0 2/3 10:53 0:00 0:00
David Savard 0 0 0 0 0 0 0 0 0 0 0/0 13:54 0:00 2:20
David Ullstrom 0 1 1 0 0 2 1 0 0 0 0/0 7:29 0:00 1:13
Eric Staal 1 0 1 0 0 5 2 0 1 0 17/29 21:41 3:25 1:11
Erik Johnson 0 1 1 -1 2 1 1 4 1 2 0/0 28:40 3:51 2:23
Esa Lindell 0 0 0 1 0 2 2 0 0 1 0/0 17:38 2:29 0:45
Jake DeBrusk 0 0 0 0 0 0 0 1 0 0 0/0 13:35 2:44 0:00
Jimmy Hayes 0 0 0 0 0 3 0 0 0 2 0/0 17:15 3:36 0:00
Kevin Labanc 0 0 0 0 0 0 2 0 1 0 0/1 13:35 2:44 0:00
Kyle Palmieri 0 0 0 0 0 0 1 0 0 0 0/0 6:14 0:00 0:00
Patrik Berglund 0 0 0 0 0 1 2 1 0 1 12/24 19:42 2:44 3:29
Sami Vatanen 0 0 0 0 2 2 1 1 0 0 0/0 27:03 3:51 1:21
Tanner Pearson 0 0 0 1 0 0 1 0 2 0 0/0 17:30 3:36 0:00
3 Stars
1 - Christopher Gibson (Cal)
2 - Eric Staal (Cal)
3 - Bryan Rust (Cal)
Power Play
Flyers - 0 on 3 Attempt(s) - 0.00%
Flames - 0 on 4 Attempt(s) - 0.00%
Penalty Kill
Flyers - 4 on 4 Attempt(s) - 100.00%
- Score 0 goal in Penalty Kill
Flames - 3 on 3 Attempt(s) - 100.00%
- Score 0 goal in Penalty Kill
Team Stat
Flyers - Hits : 17 - Faceoff Wins : 32 - Blocked Shots : 13 - Penalty Minutes : 8
Flames - Hits : 24 - Faceoff Wins : 36 - Blocked Shots : 9 - Penalty Minutes : 6
Official
Referees : Brandon Schrader and Pierre Lambert
Linesman : Derek Amell and Trent Knorr
Game Notes
Jacob Trouba is injured at 13:29 of 2nd period (Left Hip)
Finance
Level 1 -- Attendance: 6000 (100.00%) -- Ticket Income $600,000
Level 2 -- Attendance: 5000 (100.00%) -- Ticket Income $300,000
Level 3 -- Attendance: 1843 (92.15%) -- Ticket Income $64,505
Level 4 -- Attendance: 3759 (93.98%) -- Ticket Income $93,975
Luxury Box -- Attendance: 1000 (100.00%) -- Ticket Income $200,000
Game was played at the Scotiabank Saddledome.
Total Attendance: 17602 (97.79%)
Total Ticket Income: $1,258,480
Other Income: $188,772
Total Income: $1,447,252
Flyers
5 vs 5 Forward
Center Left Wing Right Wing Time % Phy DF OF
1 Jordan Nolan Nick Ritchie Jakub Voracek 40 1 2 2
2 Jeff Carter Max Pacioretty Kasperi Kapanen 30 1 2 2
3 Calle Jarnkrok Michael Bournival Niclas Bergfors 20 1 2 2
4 Travis Zajac Brock Nelson Travis Konecny 10 1 2 2
5 vs 5 Defense
Defense Defense Time % Phy DF OF
1 Jacob Trouba Nathan Beaulieu 40 1 2 2
2 Brian Lashoff Ivan Provorov 30 1 2 2
3 Jake Dotchin Blake Heinrich 20 1 2 2
4 Jacob Trouba Nathan Beaulieu 10 1 2 2
PowerPlay Forward
Center Left Wing Right Wing Time % Phy DF OF
1 Jordan Nolan Nick Ritchie Jakub Voracek 60 1 2 2
2 Jeff Carter Max Pacioretty Kasperi Kapanen 40 1 2 2
PowerPlay Defense
Defense Defense Time % Phy DF OF
1 Jacob Trouba Nathan Beaulieu 60 1 2 2
2 Brian Lashoff Ivan Provorov 40 1 2 2
Penalty Kill 4 Players Forward
Center Wing Time % Phy DF OF
1 Jordan Nolan Nick Ritchie 60 1 2 2
2 Jakub Voracek Jeff Carter 40 1 2 2
Penalty Kill 4 Players Defense
Defense Defense Time % Phy DF OF
1 Jacob Trouba Nathan Beaulieu 60 1 2 2
2 Brian Lashoff Ivan Provorov 40 1 2 2
Penalty Kill - 3 Players Forward
Forward Time % Phy DF OF
1 Jordan Nolan 60 1 2 2
2 Nick Ritchie 40 1 2 2
Penalty Kill - 3 Players Defense
Defense Defense Time % Phy DF OF
1 Jacob Trouba Nathan Beaulieu 60 1 2 2
2 Brian Lashoff Ivan Provorov 40 1 2 2
4 vs 4 Forward
Center Wing Time % Phy DF OF
1 Jordan Nolan Nick Ritchie 60 1 2 2
2 Jakub Voracek Jeff Carter 40 1 2 2
4 vs 4 Defense
Defense Defense Time % Phy DF OF
1 Jacob Trouba Nathan Beaulieu 60 1 2 2
2 Brian Lashoff Ivan Provorov 40 1 2 2
Last Minutes Offensive
Center Left Wing Right Wing Defense Defense
Jordan Nolan Nick Ritchie Jakub Voracek Jacob Trouba Nathan Beaulieu
Last Minutes Defensive
Center Left Wing Right Wing Defense Defense
Jordan Nolan Nick Ritchie Jakub Voracek Jacob Trouba Nathan Beaulieu
Goaltenders
Starting : Ilya Sorokin
Backup : Steve Mason
Extra Forwards
Normal : Niclas Bergfors, Calle Jarnkrok, Travis Zajac - PP : Niclas Bergfors, Calle Jarnkrok - PK : Travis Zajac
Extra Defensemen
Normal : Jake Dotchin, Blake Heinrich, Brian Lashoff - PP : Jake Dotchin - PK : Blake Heinrich, Brian Lashoff
Penalty Shots
Jordan Nolan, Nick Ritchie, Jakub Voracek, Jeff Carter, Max Pacioretty
Custom OT Lines Forwards
Jordan Nolan, Nick Ritchie, Jakub Voracek, Jeff Carter, Max Pacioretty, Kasperi Kapanen, Niclas Bergfors, Calle Jarnkrok, Travis Zajac, Travis Konecny
Custom OT Lines Defensemen
Jacob Trouba, Nathan Beaulieu, Brian Lashoff, Ivan Provorov, Jake Dotchin
Scratches
None
Flames
5 vs 5 Forward
Center Left Wing Right Wing Time % Phy DF OF
1 Eric Staal Brad Marchand Bryan Rust 40 1 2 2
2 Patrik Berglund Tanner Pearson Jimmy Hayes 30 1 2 2
3 Colin Wilson Jake DeBrusk Kevin Labanc 20 1 2 2
4 Anders Lee David Ullstrom Kyle Palmieri 10 1 2 2
5 vs 5 Defense
Defense Defense Time % Phy DF OF
1 Erik Johnson Sami Vatanen 40 1 2 2
2 Esa Lindell Christian Folin 30 1 2 2
3 Colby Robak David Savard 20 1 2 2
4 Erik Johnson Sami Vatanen 10 1 2 2
PowerPlay Forward
Center Left Wing Right Wing Time % Phy DF OF
1 Eric Staal Tanner Pearson Jimmy Hayes 60 1 1 3
2 Patrik Berglund Jake DeBrusk Kevin Labanc 40 1 1 3
PowerPlay Defense
Defense Defense Time % Phy DF OF
1 Erik Johnson Sami Vatanen 60 1 1 3
2 Esa Lindell Christian Folin 40 1 1 3
Penalty Kill 4 Players Forward
Center Wing Time % Phy DF OF
1 Patrik Berglund Brad Marchand 60 1 2 2
2 Eric Staal Bryan Rust 40 1 2 2
Penalty Kill 4 Players Defense
Defense Defense Time % Phy DF OF
1 Erik Johnson Sami Vatanen 60 1 2 2
2 Colby Robak Christian Folin 40 1 2 2
Penalty Kill - 3 Players Forward
Forward Time % Phy DF OF
1 Eric Staal 60 1 2 2
2 Patrik Berglund 40 1 2 2
Penalty Kill - 3 Players Defense
Defense Defense Time % Phy DF OF
1 Erik Johnson Sami Vatanen 60 1 2 2
2 Colby Robak Christian Folin 40 1 2 2
4 vs 4 Forward
Center Wing Time % Phy DF OF
1 Eric Staal Bryan Rust 60 1 2 2
2 Patrik Berglund Brad Marchand 40 1 2 2
4 vs 4 Defense
Defense Defense Time % Phy DF OF
1 Erik Johnson Sami Vatanen 60 1 2 2
2 Esa Lindell Christian Folin 40 1 2 2
Last Minutes Offensive
Center Left Wing Right Wing Defense Defense
Eric Staal Brad Marchand Bryan Rust Erik Johnson Sami Vatanen
Last Minutes Defensive
Center Left Wing Right Wing Defense Defense
Eric Staal Brad Marchand Bryan Rust Erik Johnson Sami Vatanen
Goaltenders
Starting : Christopher Gibson
Backup : Henrik Lundqvist
Extra Forwards
Normal : Tanner Pearson, Jimmy Hayes, Patrik Berglund - PP : Jake DeBrusk, Anders Lee - PK : Bryan Rust
Extra Defensemen
Normal : Colby Robak, Esa Lindell, Christian Folin - PP : Esa Lindell - PK : Christian Folin, David Savard
Penalty Shots
Eric Staal, Tanner Pearson, Jimmy Hayes, Kyle Palmieri, Patrik Berglund
Custom OT Lines Forwards
Eric Staal, Tanner Pearson, Patrik Berglund, Jimmy Hayes, Bryan Rust, Brad Marchand, Colin Wilson, Jake DeBrusk, Kevin Labanc, Kyle Palmieri
Custom OT Lines Defensemen
Erik Johnson, Sami Vatanen, Christian Folin, Esa Lindell, Colby Robak
Scratches
Chris Brown (Healthy), Mathieu Brodeur (Healthy), Matthew Nieto (Healthy), Victor Rask (Healthy)
% Time on Ice - Flyers
Lines # - Real PCT - Wanted PCT - Time Play
Normal Forward
1 - 35% - 40% - 16:43
2 - 29% - 30% - 13:36
3 - 23% - 20% - 11:01
4 - 13% - 10% - 6:23
Normal Defense
1 - 38% - 40% - 18:21
2 - 32% - 30% - 15:17
3 - 24% - 20% - 11:24
4 - 6% - 10% - 2:41
PP Forward
1 - 40% - 60% - 2:24
2 - 60% - 40% - 3:33
PP Defense
1 - 64% - 60% - 3:48
2 - 36% - 40% - 2:09
PK Forward
1 - 82% - 60% - 3:53
2 - 18% - 40% - 0:51
PK Defense
1 - 76% - 60% - 3:37
2 - 24% - 40% - 1:07
PK3 Forward
1 - 100% - 60% - 1:36
2 - 0% - 40% - 0:00
PK3 Defense
1 - 52% - 60% - 0:50
2 - 48% - 40% - 0:46
44 Forward
1 - 0% - 60%
2 - 0% - 40%
44 Defense
1 - 0% - 60%
2 - 0% - 40%
Last Minute Offensive - 0:00
Last Minute Defensive - 0:00
Total
Forward - 60:00
Defense - 60:00
|
% Time on Ice - Flames
Lines # - Real PCT - Wanted PCT - Time Play
Normal Forward
1 - 35% - 40% - 16:32
2 - 30% - 30% - 14:16
3 - 22% - 20% - 10:41
4 - 13% - 10% - 6:14
Normal Defense
1 - 39% - 40% - 18:46
2 - 31% - 30% - 15:01
3 - 23% - 20% - 10:52
4 - 6% - 10% - 3:04
PP Forward
1 - 57% - 60% - 3:36
2 - 43% - 40% - 2:44
PP Defense
1 - 61% - 60% - 3:51
2 - 39% - 40% - 2:29
PK Forward
1 - 80% - 60% - 4:46
2 - 20% - 40% - 1:11
PK Defense
1 - 63% - 60% - 3:44
2 - 37% - 40% - 2:13
PK3 Forward
1 - 0% - 60%
2 - 0% - 40%
PK3 Defense
1 - 0% - 60%
2 - 0% - 40%
44 Forward
1 - 0% - 60%
2 - 0% - 40%
44 Defense
1 - 0% - 60%
2 - 0% - 40%
Last Minute Offensive - 0:00
Last Minute Defensive - 0:00
Total
Forward - 60:00
Defense - 60:00
|
Play-by-Play
1st period
0:01 of 1st period - Jordan Nolan wins face-off versus Brad Marchand in neutral zone.
0:17 of 1st period - Wrist shot by Brad Marchand.
0:17 of 1st period - Stopped by Ilya Sorokin without a rebound.
0:18 of 1st period - Patrik Berglund wins face-off versus Kasperi Kapanen in Flyers zone.
0:25 of 1st period - Slapshot by Jimmy Hayes.
0:25 of 1st period - Shot Misses the Net.
0:45 of 1st period - Kevin Labanc is hit by Niclas Bergfors and loses puck.
0:52 of 1st period - Ivan Provorov is hit by Esa Lindell and loses puck.
1:13 of 1st period - Snap shot by Brad Marchand.
1:13 of 1st period - Stopped by Ilya Sorokin with a rebound.
1:15 of 1st period - Wrist shot by Esa Lindell.
1:15 of 1st period - Stopped by Ilya Sorokin with a rebound.
1:25 of 1st period - Snap shot by Bryan Rust.
1:25 of 1st period - Shot Blocked by Blake Heinrich.
2:22 of 1st period - Wrist shot by Michael Bournival.
2:22 of 1st period - Stopped by Christopher Gibson with a rebound.
2:38 of 1st period - Snap shot by Jakub Voracek.
2:38 of 1st period - Stopped by Christopher Gibson without a rebound.
2:39 of 1st period - Jakub Voracek wins face-off versus Eric Staal in Flames zone.
2:50 of 1st period - Jakub Voracek is hit by Brad Marchand and loses puck.
3:30 of 1st period - Icing by Colby Robak.
3:31 of 1st period - Michael Bournival wins face-off versus Patrik Berglund in Flames zone.
3:34 of 1st period - Wrist shot by Calle Jarnkrok.
3:34 of 1st period - Stopped by Christopher Gibson without a rebound.
3:35 of 1st period - Calle Jarnkrok wins face-off versus Bryan Rust in Flames zone.
3:40 of 1st period - Slapshot by Calle Jarnkrok.
3:40 of 1st period - Stopped by Christopher Gibson with a rebound.
3:50 of 1st period - Michael Bournival is hit by Brad Marchand and loses puck.
4:11 of 1st period - Snap shot by Patrik Berglund.
4:11 of 1st period - Deflect By Jimmy Hayes.
4:11 of 1st period - Stopped by Ilya Sorokin without a rebound.
4:12 of 1st period - Eric Staal wins face-off versus Jeff Carter in Flyers zone.
4:17 of 1st period - Slapshot by Eric Staal.
4:17 of 1st period - Stopped by Ilya Sorokin without a rebound.
4:18 of 1st period - Eric Staal wins face-off versus Jeff Carter in Flyers zone.
4:35 of 1st period - Snap shot by Max Pacioretty.
4:35 of 1st period - Deflect By Kasperi Kapanen.
4:35 of 1st period - Stopped by Christopher Gibson with a rebound.
5:19 of 1st period - Snap shot by Jimmy Hayes.
5:19 of 1st period - Stopped by Ilya Sorokin without a rebound.
5:20 of 1st period - Eric Staal wins face-off versus Kasperi Kapanen in Flyers zone.
5:29 of 1st period - Wrist shot by Brad Marchand.
5:29 of 1st period - Stopped by Ilya Sorokin with a rebound.
6:12 of 1st period - Patrik Berglund is hit by Michael Bournival and loses puck.
7:25 of 1st period - Wrist shot by Brad Marchand.
7:25 of 1st period - Shot Misses the Net.
7:37 of 1st period - Bryan Rust is hit by Jacob Trouba and loses puck.
8:55 of 1st period - Wrist shot by Bryan Rust.
8:55 of 1st period - Stopped by Ilya Sorokin with a rebound.
8:57 of 1st period - Wrist shot by Brad Marchand.
8:57 of 1st period - Stopped by Ilya Sorokin without a rebound.
8:58 of 1st period - Nick Ritchie wins face-off versus Patrik Berglund in Flyers zone.
9:35 of 1st period - Wrist shot by Jake DeBrusk.
9:35 of 1st period - Shot Blocked by Brian Lashoff.
9:37 of 1st period - Wrist shot by Jake DeBrusk.
9:37 of 1st period - Shot Misses the Net.
9:39 of 1st period - Slapshot by Sami Vatanen.
9:39 of 1st period - Stopped by Ilya Sorokin with a rebound.
10:02 of 1st period - Colby Robak is hit by Kasperi Kapanen.
10:39 of 1st period - Icing by Erik Johnson.
10:40 of 1st period - Jordan Nolan wins face-off versus Colin Wilson in Flames zone.
11:14 of 1st period - Slapshot by Jordan Nolan.
11:14 of 1st period - Shot Misses the Net.
11:16 of 1st period - Slapshot by Jake Dotchin.
11:16 of 1st period - Deflect By Jakub Voracek.
11:16 of 1st period - Shot Misses the Net.
11:16 of 1st period - Puck is out of play.
11:17 of 1st period - Travis Zajac wins face-off versus Patrik Berglund in Flames zone.
11:49 of 1st period - Jake Dotchin is hit by Anders Lee and loses puck.
12:40 of 1st period - Wrist shot by Eric Staal.
12:40 of 1st period - Shot Blocked by Blake Heinrich.
12:54 of 1st period - Blake Heinrich is hit by Bryan Rust and loses puck.
13:05 of 1st period - Travis Konecny is hit by Anders Lee and loses puck.
13:14 of 1st period - Wrist shot by David Ullstrom.
13:14 of 1st period - Stopped by Ilya Sorokin without a rebound.
13:15 of 1st period - Jordan Nolan wins face-off versus Patrik Berglund in Flyers zone.
13:53 of 1st period - Wrist shot by Eric Staal.
13:53 of 1st period - Stopped by Ilya Sorokin without a rebound.
13:54 of 1st period - Jordan Nolan wins face-off versus Patrik Berglund in Flyers zone.
14:09 of 1st period - Snap shot by Patrik Berglund.
14:09 of 1st period - Shot Misses the Net.
14:11 of 1st period - Slapshot by Jimmy Hayes.
14:11 of 1st period - Shot Blocked by Brian Lashoff.
15:05 of 1st period - Snap shot by Jakub Voracek.
15:05 of 1st period - Stopped by Christopher Gibson without a rebound.
15:06 of 1st period - Eric Staal wins face-off versus Jordan Nolan in Flames zone.
15:35 of 1st period - Backhand shot by Jakub Voracek.
15:35 of 1st period - Shot Misses the Net.
16:02 of 1st period - Slapshot by Patrik Berglund.
16:02 of 1st period - Shot Blocked by Jacob Trouba.
16:30 of 1st period - Snap shot by Patrik Berglund.
16:30 of 1st period - Shot Misses the Net.
16:47 of 1st period - Snap shot by Max Pacioretty.
16:47 of 1st period - Shot Misses the Net.
17:31 of 1st period - Slapshot by Patrik Berglund.
17:31 of 1st period - Stopped by Ilya Sorokin without a rebound.
17:32 of 1st period - Eric Staal wins face-off versus Jordan Nolan in Flyers zone.
17:41 of 1st period - Snap shot by Eric Staal.
17:41 of 1st period - Shot Blocked by Nick Ritchie.
18:01 of 1st period - Snap shot by Calle Jarnkrok.
18:01 of 1st period - Shot Misses the Net.
18:03 of 1st period - Slapshot by Jake Dotchin.
18:03 of 1st period - Stopped by Christopher Gibson with a rebound.
18:22 of 1st period - Icing by Calle Jarnkrok.
18:23 of 1st period - Anders Lee wins face-off versus Travis Zajac in Flyers zone.
18:51 of 1st period - Snap shot by Jakub Voracek.
18:51 of 1st period - Shot Misses the Net.
18:53 of 1st period - Slapshot by Brian Lashoff.
18:53 of 1st period - Stopped by Christopher Gibson without a rebound.
18:54 of 1st period - Jordan Nolan wins face-off versus Eric Staal in Flames zone.
18:57 of 1st period - Snap shot by Jordan Nolan.
18:57 of 1st period - Shot Misses the Net.
18:59 of 1st period - Snap shot by Jordan Nolan.
18:59 of 1st period - Goal by Jordan Nolan - Flyers : 1 - Flames : 0.
19:00 of 1st period - Eric Staal wins face-off versus Jordan Nolan in neutral zone.
19:11 of 1st period - Snap shot by Jakub Voracek.
19:11 of 1st period - Shot Misses the Net.
19:13 of 1st period - Slapshot by Jakub Voracek.
19:13 of 1st period - Shot Misses the Net.
19:17 of 1st period - Snap shot by Jakub Voracek.
19:17 of 1st period - Shot Misses the Net.
19:27 of 1st period - Ivan Provorov is hit by Kevin Labanc and loses puck.
19:45 of 1st period - Icing by Brian Lashoff.
19:46 of 1st period - Jeff Carter wins face-off versus Anders Lee in Flyers zone.
19:51 of 1st period - David Ullstrom is hit by Jeff Carter and loses puck.
Goals for this period are 1 for Flyers vs 0 for Flames.
Shots for this period are 9 for Flyers vs 13 for Flames.
2nd period
0:01 of 2nd period - Jordan Nolan wins face-off versus Eric Staal in neutral zone.
0:47 of 2nd period - Wrist shot by Nick Ritchie.
0:47 of 2nd period - Shot Misses the Net.
0:55 of 2nd period - Nick Ritchie is hit by Erik Johnson and loses puck.
1:22 of 2nd period - Nick Ritchie is hit by Colin Wilson.
2:24 of 2nd period - Minor Penalty to Erik Johnson for Hooking.
2:25 of 2nd period - Patrik Berglund wins face-off versus Jeff Carter in Flames zone.
4:24 of 2nd period - Penalty to Erik Johnson is over, Erik Johnson is back on ice.
4:42 of 2nd period - Slapshot by David Ullstrom.
4:42 of 2nd period - Stopped by Ilya Sorokin with a rebound.
4:44 of 2nd period - Wrist shot by David Ullstrom.
4:44 of 2nd period - Shot Misses the Net.
4:46 of 2nd period - Snap shot by Christian Folin.
4:46 of 2nd period - Stopped by Ilya Sorokin with a rebound.
5:08 of 2nd period - Blake Heinrich is hit by Patrik Berglund and loses puck.
5:33 of 2nd period - Blake Heinrich is hit by Anders Lee and loses puck.
6:55 of 2nd period - Jake Dotchin is hit by Kyle Palmieri.
7:12 of 2nd period - Brian Lashoff is hit by Esa Lindell and loses puck.
7:17 of 2nd period - Slapshot by Jimmy Hayes.
7:17 of 2nd period - Stopped by Ilya Sorokin without a rebound.
7:18 of 2nd period - Eric Staal wins face-off versus Jordan Nolan in Flyers zone.
7:59 of 2nd period - Minor Penalty to Jake Dotchin for Hooking.
8:00 of 2nd period - Jordan Nolan wins face-off versus Eric Staal in Flyers zone.
8:22 of 2nd period - Minor Penalty to Jordan Nolan for Interference.
8:23 of 2nd period - Eric Staal wins face-off versus Travis Zajac in Flyers zone.
8:28 of 2nd period - Wrist shot by Eric Staal.
8:28 of 2nd period - Stopped by Ilya Sorokin with a rebound.
8:54 of 2nd period - Erik Johnson is hit by Nathan Beaulieu and loses puck.
9:59 of 2nd period - Penalty to Jake Dotchin is over, Jake Dotchin is back on ice.
10:22 of 2nd period - Penalty to Jordan Nolan is over, Jordan Nolan is back on ice.
10:37 of 2nd period - David Ullstrom is hit by Jake Dotchin and loses puck.
10:58 of 2nd period - Snap shot by Bryan Rust.
10:58 of 2nd period - Goal by Bryan Rust - Flyers : 1 - Flames : 1.
10:59 of 2nd period - Jakub Voracek wins face-off versus Eric Staal in neutral zone.
11:16 of 2nd period - Snap shot by Bryan Rust.
11:16 of 2nd period - Shot Blocked by Nathan Beaulieu.
11:32 of 2nd period - Wrist shot by Kasperi Kapanen.
11:32 of 2nd period - Stopped by Christopher Gibson without a rebound.
11:33 of 2nd period - Patrik Berglund wins face-off versus Jeff Carter in Flames zone.
11:59 of 2nd period - Kasperi Kapanen is hit by Colin Wilson and loses puck.
12:22 of 2nd period - Slapshot by Kasperi Kapanen.
12:22 of 2nd period - Shot Misses the Net.
12:24 of 2nd period - Slapshot by Brian Lashoff.
12:24 of 2nd period - Shot Misses the Net.
12:26 of 2nd period - Slapshot by Brian Lashoff.
12:26 of 2nd period - Shot Blocked by Colby Robak.
12:28 of 2nd period - Slapshot by Jeff Carter.
12:28 of 2nd period - Shot Misses the Net.
12:30 of 2nd period - Wrist shot by Max Pacioretty.
12:30 of 2nd period - Shot Misses the Net.
12:32 of 2nd period - Slapshot by Max Pacioretty.
12:32 of 2nd period - Stopped by Christopher Gibson with a rebound.
12:36 of 2nd period - Wrist shot by Jeff Carter.
12:36 of 2nd period - Stopped by Christopher Gibson with a rebound.
12:38 of 2nd period - Wrist shot by Jeff Carter.
12:38 of 2nd period - Stopped by Christopher Gibson without a rebound.
12:39 of 2nd period - Patrik Berglund wins face-off versus Jordan Nolan in Flames zone.
12:45 of 2nd period - Off-side.
12:46 of 2nd period - Jordan Nolan wins face-off versus Patrik Berglund in neutral zone.
12:58 of 2nd period - Icing by Sami Vatanen.
12:59 of 2nd period - Jordan Nolan wins face-off versus Patrik Berglund in Flames zone.
13:00 of 2nd period - Slapshot by Jakub Voracek.
13:00 of 2nd period - Stopped by Christopher Gibson without a rebound.
13:01 of 2nd period - Jordan Nolan wins face-off versus Eric Staal in Flames zone.
13:28 of 2nd period - Jacob Trouba is hit by Patrik Berglund and loses puck.
13:29 of 2nd period - Jacob Trouba from Flyers is injured at 13:29 of 2nd period (Left Hip).
13:30 of 2nd period - Brad Marchand wins face-off versus Jordan Nolan in Flyers zone.
14:03 of 2nd period - Snap shot by Kasperi Kapanen.
14:03 of 2nd period - Stopped by Christopher Gibson without a rebound.
14:04 of 2nd period - Patrik Berglund wins face-off versus Jeff Carter in Flames zone.
14:04 of 2nd period - Patrik Berglund is hit by Jeff Carter.
14:09 of 2nd period - Icing by Christian Folin.
14:10 of 2nd period - Patrik Berglund wins face-off versus Jordan Nolan in Flames zone.
14:15 of 2nd period - Slapshot by Esa Lindell.
14:15 of 2nd period - Stopped by Ilya Sorokin without a rebound.
14:16 of 2nd period - Jordan Nolan wins face-off versus Eric Staal in Flyers zone.
14:16 of 2nd period - Jordan Nolan is hit by Brad Marchand.
14:22 of 2nd period - Brad Marchand is hit by Nick Ritchie and loses puck.
14:27 of 2nd period - Wrist shot by Jakub Voracek.
14:27 of 2nd period - Shot Blocked by Sami Vatanen.
14:29 of 2nd period - Snap shot by Jordan Nolan.
14:29 of 2nd period - Shot Blocked by Erik Johnson.
14:31 of 2nd period - Slapshot by Jake Dotchin.
14:31 of 2nd period - Shot Misses the Net.
14:33 of 2nd period - Wrist shot by Nick Ritchie.
14:33 of 2nd period - Shot Misses the Net.
15:11 of 2nd period - Sami Vatanen is hit by Michael Bournival and loses puck.
16:30 of 2nd period - Nick Ritchie is hit by Colin Wilson.
16:34 of 2nd period - Nathan Beaulieu is hit by Sami Vatanen and loses puck.
16:49 of 2nd period - Niclas Bergfors is hit by David Ullstrom and loses puck.
16:58 of 2nd period - Wrist shot by Kyle Palmieri.
16:58 of 2nd period - Shot Misses the Net.
17:00 of 2nd period - Snap shot by Anders Lee.
17:00 of 2nd period - Shot Misses the Net.
17:14 of 2nd period - Slapshot by Kasperi Kapanen.
17:14 of 2nd period - Stopped by Christopher Gibson without a rebound.
17:15 of 2nd period - Eric Staal wins face-off versus Jeff Carter in Flames zone.
17:19 of 2nd period - Colby Robak is hit by Jeff Carter and loses puck.
17:52 of 2nd period - Wrist shot by Eric Staal.
17:52 of 2nd period - Stopped by Ilya Sorokin without a rebound.
17:53 of 2nd period - Patrik Berglund wins face-off versus Jordan Nolan in Flyers zone.
18:06 of 2nd period - Wrist shot by Nick Ritchie.
18:06 of 2nd period - Shot Misses the Net.
18:19 of 2nd period - Snap shot by Niclas Bergfors.
18:19 of 2nd period - Stopped by Christopher Gibson with a rebound.
18:24 of 2nd period - Icing by Jake DeBrusk.
18:25 of 2nd period - Colin Wilson wins face-off versus Jeff Carter in Flames zone.
18:42 of 2nd period - Wrist shot by Nathan Beaulieu.
18:42 of 2nd period - Stopped by Christopher Gibson without a rebound.
18:43 of 2nd period - Eric Staal wins face-off versus Jordan Nolan in Flames zone.
Goals for this period are 0 for Flyers vs 1 for Flames.
Shots for this period are 9 for Flyers vs 7 for Flames.
3rd period
0:01 of 3rd period - Bryan Rust wins face-off versus Jordan Nolan in neutral zone.
0:04 of 3rd period - Jordan Nolan is hit by Eric Staal.
0:30 of 3rd period - Nathan Beaulieu is hit by Christian Folin.
0:46 of 3rd period - Christian Folin is hit by Kasperi Kapanen and loses puck.
0:58 of 3rd period - Off-side.
0:59 of 3rd period - Calle Jarnkrok wins face-off versus Kevin Labanc in neutral zone.
1:04 of 3rd period - Snap shot by Michael Bournival.
1:04 of 3rd period - Shot Blocked by Jake DeBrusk.
1:36 of 3rd period - Wrist shot by Bryan Rust.
1:36 of 3rd period - Stopped by Ilya Sorokin without a rebound.
1:37 of 3rd period - Max Pacioretty wins face-off versus Eric Staal in Flyers zone.
2:00 of 3rd period - Minor Penalty to Christian Folin for Hooking.
2:01 of 3rd period - Patrik Berglund wins face-off versus Jordan Nolan in Flames zone.
2:12 of 3rd period - Snap shot by Nick Ritchie.
2:12 of 3rd period - Deflect By Patrik Berglund.
2:12 of 3rd period - Shot Misses the Net.
2:12 of 3rd period - Puck is out of play.
2:13 of 3rd period - Jordan Nolan wins face-off versus Patrik Berglund in Flames zone.
2:46 of 3rd period - Wrist shot by Nathan Beaulieu.
2:46 of 3rd period - Stopped by Christopher Gibson without a rebound.
2:47 of 3rd period - Patrik Berglund wins face-off versus Max Pacioretty in Flames zone.
4:00 of 3rd period - Penalty to Christian Folin is over, Christian Folin is back on ice.
5:01 of 3rd period - Erik Johnson is hit by Jakub Voracek and loses puck.
5:18 of 3rd period - Wrist shot by Niclas Bergfors.
5:18 of 3rd period - Shot Blocked by Erik Johnson.
5:20 of 3rd period - Snap shot by Niclas Bergfors.
5:20 of 3rd period - Stopped by Christopher Gibson with a rebound.
5:22 of 3rd period - Snap shot by Michael Bournival.
5:22 of 3rd period - Shot Blocked by Erik Johnson.
5:32 of 3rd period - Kyle Palmieri is hit by Ivan Provorov and loses puck.
6:16 of 3rd period - Nick Ritchie is hit by Tanner Pearson and loses puck.
6:43 of 3rd period - Snap shot by Colin Wilson.
6:43 of 3rd period - Stopped by Ilya Sorokin without a rebound.
6:44 of 3rd period - Calle Jarnkrok wins face-off versus Eric Staal in Flyers zone.
7:13 of 3rd period - Snap shot by Tanner Pearson.
7:13 of 3rd period - Shot Blocked by Jake Dotchin.
7:19 of 3rd period - Wrist shot by Patrik Berglund.
7:19 of 3rd period - Shot Misses the Net.
7:49 of 3rd period - Travis Konecny is hit by Kevin Labanc and loses puck.
8:12 of 3rd period - Snap shot by Bryan Rust.
8:12 of 3rd period - Stopped by Ilya Sorokin without a rebound.
8:13 of 3rd period - Michael Bournival wins face-off versus Brad Marchand in Flyers zone.
8:20 of 3rd period - Snap shot by Michael Bournival.
8:20 of 3rd period - Shot Blocked by Erik Johnson.
8:43 of 3rd period - Off-side.
8:44 of 3rd period - Nick Ritchie wins face-off versus Patrik Berglund in neutral zone.
8:59 of 3rd period - Snap shot by Jordan Nolan.
8:59 of 3rd period - Stopped by Christopher Gibson with a rebound.
9:01 of 3rd period - Slapshot by Jake Dotchin.
9:01 of 3rd period - Stopped by Christopher Gibson with a rebound.
9:03 of 3rd period - Backhand shot by Brian Lashoff.
9:03 of 3rd period - Shot Misses the Net.
9:05 of 3rd period - Slapshot by Ivan Provorov.
9:05 of 3rd period - Shot Misses the Net.
9:07 of 3rd period - Wrist shot by Jordan Nolan.
9:07 of 3rd period - Stopped by Christopher Gibson without a rebound.
9:08 of 3rd period - Eric Staal wins face-off versus Jeff Carter in Flames zone.
9:10 of 3rd period - Icing by Bryan Rust.
9:11 of 3rd period - Jeff Carter wins face-off versus Brad Marchand in Flames zone.
9:12 of 3rd period - Snap shot by Max Pacioretty.
9:12 of 3rd period - Deflect By Kasperi Kapanen.
9:12 of 3rd period - Shot Blocked by Brad Marchand.
9:12 of 3rd period - Puck is out of play.
9:13 of 3rd period - Eric Staal wins face-off versus Jeff Carter in Flames zone.
9:25 of 3rd period - Minor Penalty to Max Pacioretty for Holding.
9:26 of 3rd period - Jordan Nolan wins face-off versus Eric Staal in Flyers zone.
9:58 of 3rd period - Snap shot by Jake DeBrusk.
9:58 of 3rd period - Deflect By Kevin Labanc.
9:58 of 3rd period - Shot Blocked by Blake Heinrich.
9:58 of 3rd period - Puck is out of play.
9:59 of 3rd period - Eric Staal wins face-off versus Jordan Nolan in Flyers zone.
10:02 of 3rd period - Wrist shot by Jimmy Hayes.
10:02 of 3rd period - Deflect By Nathan Beaulieu.
10:02 of 3rd period - Shot Misses the Net.
10:02 of 3rd period - Puck is out of play.
10:03 of 3rd period - Jordan Nolan wins face-off versus Eric Staal in Flyers zone.
11:22 of 3rd period - Slapshot by Brian Lashoff.
11:22 of 3rd period - Shot Misses the Net.
11:25 of 3rd period - Penalty to Max Pacioretty is over, Max Pacioretty is back on ice.
11:38 of 3rd period - Snap shot by Niclas Bergfors.
11:38 of 3rd period - Shot Misses the Net.
11:40 of 3rd period - Slapshot by Brian Lashoff.
11:40 of 3rd period - Shot Misses the Net.
11:42 of 3rd period - Wrist shot by Michael Bournival.
11:42 of 3rd period - Stopped by Christopher Gibson without a rebound.
11:43 of 3rd period - Calle Jarnkrok wins face-off versus Anders Lee in Flames zone.
12:12 of 3rd period - Snap shot by Michael Bournival.
12:12 of 3rd period - Stopped by Christopher Gibson without a rebound.
12:13 of 3rd period - Eric Staal wins face-off versus Jordan Nolan in Flames zone.
12:13 of 3rd period - Eric Staal is hit by Nathan Beaulieu.
12:27 of 3rd period - Snap shot by Bryan Rust.
12:27 of 3rd period - Shot Misses the Net.
12:41 of 3rd period - Slapshot by Kasperi Kapanen.
12:41 of 3rd period - Shot Blocked by Patrik Berglund.
12:43 of 3rd period - Snap shot by Max Pacioretty.
12:43 of 3rd period - Stopped by Christopher Gibson without a rebound.
12:44 of 3rd period - Patrik Berglund wins face-off versus Jeff Carter in Flames zone.
12:55 of 3rd period - Snap shot by Tanner Pearson.
12:55 of 3rd period - Deflect By Patrik Berglund.
12:55 of 3rd period - Shot Blocked by Brian Lashoff.
12:55 of 3rd period - Puck is out of play.
12:56 of 3rd period - Brad Marchand wins face-off versus Jordan Nolan in Flyers zone.
13:01 of 3rd period - Slapshot by Bryan Rust.
13:01 of 3rd period - Stopped by Ilya Sorokin without a rebound.
13:02 of 3rd period - Eric Staal wins face-off versus Jordan Nolan in Flyers zone.
13:31 of 3rd period - Wrist shot by Niclas Bergfors.
13:31 of 3rd period - Stopped by Christopher Gibson without a rebound.
13:32 of 3rd period - Calle Jarnkrok wins face-off versus Patrik Berglund in Flames zone.
13:43 of 3rd period - Slapshot by Calle Jarnkrok.
13:43 of 3rd period - Stopped by Christopher Gibson without a rebound.
13:44 of 3rd period - Eric Staal wins face-off versus Jakub Voracek in Flames zone.
13:44 of 3rd period - Eric Staal is hit by Jordan Nolan.
13:47 of 3rd period - Minor Penalty to Sami Vatanen for Delaying the game.
13:48 of 3rd period - Patrik Berglund wins face-off versus Jordan Nolan in Flames zone.
14:02 of 3rd period - Wrist shot by Nick Ritchie.
14:02 of 3rd period - Deflect By Jakub Voracek.
14:02 of 3rd period - Shot Misses the Net.
14:02 of 3rd period - Puck is out of play.
14:03 of 3rd period - Patrik Berglund wins face-off versus Jordan Nolan in Flames zone.
15:47 of 3rd period - Penalty to Sami Vatanen is over, Sami Vatanen is back on ice.
15:47 of 3rd period - Icing by Colby Robak.
15:48 of 3rd period - Bryan Rust wins face-off versus Jeff Carter in Flames zone.
16:01 of 3rd period - Snap shot by Sami Vatanen.
16:01 of 3rd period - Shot Blocked by Niclas Bergfors.
16:03 of 3rd period - Slapshot by Christian Folin.
16:03 of 3rd period - Shot Misses the Net.
16:05 of 3rd period - Slapshot by Erik Johnson.
16:05 of 3rd period - Stopped by Ilya Sorokin without a rebound.
16:06 of 3rd period - Colin Wilson wins face-off versus Jordan Nolan in Flyers zone.
16:09 of 3rd period - Wrist shot by Kevin Labanc.
16:09 of 3rd period - Shot Misses the Net.
16:17 of 3rd period - Colin Wilson is hit by Brian Lashoff and loses puck.
16:34 of 3rd period - Icing by Sami Vatanen.
16:35 of 3rd period - Eric Staal wins face-off versus Calle Jarnkrok in Flames zone.
16:52 of 3rd period - Michael Bournival is hit by Eric Staal and loses puck.
16:59 of 3rd period - Slapshot by Eric Staal.
16:59 of 3rd period - Shot Misses the Net.
17:01 of 3rd period - Slapshot by Bryan Rust.
17:01 of 3rd period - Shot Misses the Net.
17:03 of 3rd period - Backhand shot by Sami Vatanen.
17:03 of 3rd period - Shot Blocked by Michael Bournival.
17:05 of 3rd period - Slapshot by Sami Vatanen.
17:05 of 3rd period - Stopped by Ilya Sorokin with a rebound.
17:18 of 3rd period - Minor Penalty to Michael Bournival for Tripping.
17:19 of 3rd period - Jordan Nolan wins face-off versus Patrik Berglund in Flyers zone.
19:18 of 3rd period - Penalty to Michael Bournival is over, Michael Bournival is back on ice.
19:33 of 3rd period - Wrist shot by Brad Marchand.
19:33 of 3rd period - Shot Misses the Net.
19:35 of 3rd period - Slapshot by Anders Lee.
19:35 of 3rd period - Shot Misses the Net.
Goals for this period are 0 for Flyers vs 0 for Flames.
Shots for this period are 10 for Flyers vs 6 for Flames.
Overtime #1
0:01 of 1st overtime period - Jordan Nolan wins face-off versus Eric Staal in neutral zone.
0:06 of 1st overtime period - Snap shot by Nathan Beaulieu.
0:06 of 1st overtime period - Shot Misses the Net.
0:23 of 1st overtime period - Icing by Nick Ritchie.
0:24 of 1st overtime period - Jordan Nolan wins face-off versus Patrik Berglund in Flyers zone.
0:41 of 1st overtime period - Slapshot by Eric Staal.
0:41 of 1st overtime period - Shot Blocked by Jakub Voracek.
0:43 of 1st overtime period - Slapshot by Eric Staal.
0:43 of 1st overtime period - Goal by Eric Staal - Flyers : 1 - Flames : 2.
Goals for this period are 0 for Flyers vs 1 for Flames.
Shots for this period are 0 for Flyers vs 1 for Flames.